 Dungeon Crawl Stone Soup version 0.18.1-50-g88ac8fd (webtiles) character file.

100 therealfakemoot the Cudgeler (level 4, -1/28 HPs)
             Began as a Gargoyle Fighter on Sept 23, 2016.
             Slain by a gnoll
             ... wielding a +0 halberd
              (6 damage)
             ... on level 3 of the Dungeon.
             The game lasted 00:08:15 (1440 turns).

therealfakemoot the Cudgeler (Gargoyle Fighter)     Turns: 1440, Time: 00:08:16

Health: -1/28      AC: 11    Str: 25    XL:     4   Next: 73%
Magic:  4/4        EV:  7    Int:  9    God:
Gold:   73         SH:  9    Dex:  9    Spells: 0 memorised, 3 levels left

rFire  . . .     SeeInvis .     a - +0 flail
rCold  . . .     Gourm    .     b - +0 scale mail
rNeg   + . .     Faith    .     c - +0 shield
rPois  ∞         Spirit   .     (no helmet)
rElec  +         Dismiss  .     (no cloak)
rCorr  +         Reflect  .     p - +0 pair of gloves
SustAt .         Harm     .     (no boots)
MR     .....                    (no amulet)
Stlth  ..........               (no ring)
                                k - ring of resist corrosion

@: mighty, not resistant to hostile enchantments, extremely unstealthy
A: negative energy resistance 1, electricity resistance, unbreathing,
petrification resistance, rot immunity, AC +3
a: no special abilities


You were on level 3 of the Dungeon.
You were not hungry.

You visited 1 branch of the dungeon, and saw 3 of its levels.

You collected 73 gold pieces.

Inventory:

Hand Weapons
 a - a +0 flail (weapon)
Armour
 b - a +0 scale mail (worn)
 c - a +0 shield (worn)
 p - a +0 pair of gloves (worn)
Jewellery
 k - a ring of resist corrosion (left hand)
Scrolls
 e - 4 scrolls of identify {unknown}
 i - a scroll of enchant armour {unknown}
 j - 3 scrolls of amnesia {unknown}
 l - a scroll of teleportation {unknown}
 q - a scroll of remove curse {unknown}
Potions
 g - a potion of magic {unknown}
 h - 3 potions of lignification {unknown}
 m - a potion of curing {unknown}
 n - a potion of invisibility {unknown}
 o - a potion of cancellation {unknown}
Comestibles
 f - 2 bread rations
 r - a meat ration


   Skills:
 - Level 3.2 Fighting
 + Level 4.8 Maces & Flails
 - Level 3.2 Armour
 - Level 3.2 Shields


You had 3 spell levels left.
You didn't know any spells.

Dungeon Overview and Level Annotations

Branches:
Dungeon (3/15)

Altars:
Makhleb
Ru
Sif Muna
Trog
Vehumet


Innate Abilities, Weirdness & Mutations

You are resistant to torment.
Your stone body is resilient (AC +3).
You are immune to poison.
You resist negative energy.
You are resistant to electric shocks.
You can survive without breathing.
You are immune to petrification.
You are immune to rotting.


Message History

You kill the gnoll!
You block the gnoll's attack.
The gnoll hits you but does no damage. x2
Things that are here:
a spear; 18 gold pieces Your shield and scale mail prevent you from hitting the gnoll.
The gnoll hits you with an enchanted spear.
* * * LOW HITPOINT WARNING * * *
You block the gnoll's attack. The gnoll hits you but does no damage.
You sock the gnoll!
You kill the gnoll!
You block the gnoll's attack. You block the gnoll's attack.
An orc comes into view.
You see here an enchanted spear.
You barely miss the gnoll.
The orc shouts!
The gnoll hits you but does no damage.
You closely miss the gnoll. The gnoll hits you with a halberd.
You die...

.......(...#.#8###8##...##
.#..........### ####...##
#.#.#.g.####.# 8...8#
#....g....<#.# #...##
###.##.S####.# #...## ...o....
##...## ###.##..## 8...8#
#.#..S#############...#
#.....g@).............#
####################...###
#.........................
#.###################.#### #.#
### ### #..# #.####8###8## ##.##
#.##........## ..# ###
#.##........8# #.##
...#####.##........###########..#


You could see a gnoll, an orc and a ball python.

Vanquished Creatures
  4 adders
  2 gnolls (D:3)
  3 giant geckos
  6 bats
  6 goblins
  6 hobgoblins
  5 kobolds
  2 giant newts
  8 rats
42 creatures vanquished.

Notes
Turn   | Place    | Note
--------------------------------------------------------------
     0 | D:1      | therealfakemoot the Gargoyle Fighter began the quest for the Orb.
     0 | D:1      | Reached XP level 1. HP: 14/14 MP: 1/1
   126 | D:1      | Reached XP level 2. HP: 15/19 MP: 2/2
   167 | D:1      | Reached skill level 3 in Maces & Flails
   500 | D:2      | Reached XP level 3. HP: 20/23 MP: 3/3
   682 | D:2      | Found a bloodstained altar of Trog.
   682 | D:2      | Found a sacrificial altar of Ru.
   684 | D:2      | Found a burning altar of Makhleb.
   686 | D:2      | Found a deep blue altar of Sif Muna.
   687 | D:2      | Found a radiant altar of Vehumet.
   914 | D:3      | Reached skill level 4 in Maces & Flails
   955 | D:3      | Reached XP level 4. HP: 23/28 MP: 4/4
  1440 | D:3      | Slain by a gnoll

Skill      XL: |  1  2  3 |
---------------+----------+-----
Maces & Flails | 3 4 |  4.8
Fighting       | |  3.2
Armour         | |  3.2
Shields        | |  3.2

Action                   |  1- 3 |  4- 6 || total
-------------------------+-------+-------++-------
Melee: Flail             |   125 |    46 ||   171
  Use: Potion            |       |     1 ||     1
  Eat: Chunk             |       |     2 ||     2
Armor: Scale mail        |    66 |    32 ||    98
Dodge: Dodged            |    47 |    16 ||    63
Block: Shield            |    70 |    27 ||    97
